 Dungeon Crawl Stone Soup version 0.30-a0-652-gcc886f7154 (webtiles) character file.

Game seed: 10646962117720310462

2551 Dittersdorf the Trooper (level 9, -11/58 HPs)
             Began as a Gargoyle Fighter on Jan 17, 2023.
             Was a Follower of Okawaru.
             Killed from afar by an acid dragon (26 damage)
             ... with a splash of acid
             ... on level 7 of the Dungeon.
             The game lasted 00:08:27 (6336 turns).

Dittersdorf the Trooper (Gargoyle Fighter)          Turns: 6336, Time: 00:08:27

Health: -11/58     AC: 22    Str: 24    XL:     9   Next: 56%
Magic:  4/9        EV: 13    Int:  9    God:    Okawaru [*.....]
Gold:   166        SH:  5    Dex:  9    Spells: 8/8 levels left

rFire   . . .      SeeInvis +    a - +1 flail
rCold   . . .      Faith    .    c - +0 buckler
rNeg    + . .      Spirit   .    p - +0 chain mail
rPois   ∞          Reflect  .    (no helmet)
rElec   +          Harm     .    k - +0 cloak
rCorr   .          Rampage  .    y - +1 pair of gloves {infuse}
Will    .....                    w - +0 pair of boots Stlth
                                 (no amulet)
HPRegen 0.29/turn                t - ring of see invisible
MPRegen 0.11/turn                l - +5 ring of evasion

@: no status effects
A: sickness immunity, AC +6, negative energy resistance 1, electricity
resistance, torment resistance 1, petrification resistance
a: Renounce Religion, Heroism


You were on level 7 of the Dungeon.
You worshipped Okawaru.
Okawaru was aware of your devotion.
You visited 2 branches of the dungeon, and saw 8 of its levels.

You collected 347 gold pieces.
You spent 181 gold pieces at shops.

Inventory:

Hand Weapons
 a - a +1 flail (weapon)
Missiles
 f - 22 poisoned darts (quivered)
Armour
 c - a +0 buckler (worn)
 k - a +0 cloak (worn)
 p - a +0 chain mail (worn)
 w - a +0 pair of boots (worn)
 y - a +1 pair of gloves of infusion (worn)
Jewellery
 j - a +6 ring of intelligence
 l - a +5 ring of evasion (right hand)
 m - a ring of resist corrosion
 t - a ring of see invisible (left hand)
Wands
 z - a wand of iceblast (5)
Scrolls
 e - a scroll of magic mapping
 i - 2 scrolls of teleportation
 n - 3 scrolls of enchant weapon
 r - a scroll of noise {unknown}
 s - a scroll of enchant armour {unknown}
 v - 2 scrolls of fear
 A - a scroll of blinking {unknown}
Potions
 b - 2 potions of heal wounds
 d - 2 potions of might
 g - a potion of brilliance {unknown}
 h - 5 potions of curing
 o - a potion of invisibility {unknown}
 q - a potion of haste {unknown}
 u - a potion of flight
 x - a potion of ambrosia


   Skills:
 + Level 7.7 Fighting
 + Level 6.6 Maces & Flails
 + Level 7.6 Armour
 + Level 7.7 Shields


You had 8 spell levels left.
You didn't know any spells.
Your spell library contained the following spells:

 Spells                   Type           Power      Damage    Failure   Level
 Apportation              Tloc           0%         N/A       97%         1
 Magic Dart               Conj           0%         1d3       97%         1
 Necrotise                Necr           0%         1d4       97%         1
 Blink                    Tloc           0%         N/A       99%         2
 Lesser Beckoning         Tloc           0%         N/A       99%         2
 Momentum Strike          Conj/Tloc      0%         3d8       99%         2
 Mephitic Cloud           Conj/Pois/Air  0%         N/A       100%        3
 Vhi's Electric Charge    Tloc/Air       0%         N/A       100%        3
 Arcjolt                  Conj/Air       0%         1d10      100%        5
 Fireball                 Conj/Fire      0%         3d3       100%        5
 Iskenderun's Battlesphe  Conj           0%         2d6       100%        5
 Conjure Ball Lightning   Conj/Air       0%         3x3d6     100%        6
 Orb of Destruction       Conj           0%         9d5       100%        7
 Maxwell's Capacitive Co  Air            0%         ∞         100%        8
 Summon Small Mammal      Summ           Unusable   N/A       N/A         1
 Call Imp                 Summ           Unusable   N/A       N/A         2

Dungeon Overview and Level Annotations

Branches:
Dungeon (7/15)             Temple (1/1) D:7

Altars:
Ashenzari
Cheibriados
Dithmenos
Elyvilon
Fedhas
Gozag
Hepliaklqana
Kikubaaqudgha
Makhleb
Nemelex Xobeh
Okawaru
Qazlal
Ru
Sif Muna
Trog
Uskayaw
Xom
Yredelemnul
The Shining One

Shops:
D:5 [


Innate Abilities, Weirdness & Mutations

You are immune to sickness and miasma.
Your stone body is resilient. (AC +6)
You are immune to poison.
You resist negative energy. (rN+)
You are resistant to electric shocks. (rElec)
You are resistant to unholy torment.
You are immune to petrification.


Message History

The splash of acid hits the unseen horror!!
The acid corrodes the unseen horror!
You barely miss the unseen horror.
The unseen horror is heavily wounded.
The unseen horror hits you. You block the unseen horror's attack.
You sock the unseen horror!
The unseen horror is severely wounded.
The unseen horror hits you.
The unseen horror hits you but does no damage.
You thump the unseen horror!
You kill the unseen horror!
Okawaru accepts your kill.
You can now gain great but temporary skills.
Throw: 24 darts (poison)
Press: ? - help, Q - select action, (/) - cycle Shift-Dir - straight line, f - acid dragon
Aim: an acid dragon (57% to hit)
You throw a poisoned dart. The poisoned dart hits the acid dragon.
The acid dragon spits acid at you. The splash of acid hits you!!
Throw: 23 darts (poison)
Press: ? - help, Q - select action, (/) - cycle Shift-Dir - straight line, f/p - acid dragon
Aim: an acid dragon (catching its breath, 57% to hit)
You throw a poisoned dart. The poisoned dart hits the acid dragon.
The acid dragon barely misses you.
The acid dragon claws you but does no damage.
The acid dragon attacks as you move away!
The acid dragon misses you. You block the acid dragon's attack.
The deep elf pyromancer mumbles some strange words.
The deep elf pyromancer blinks!
The acid dragon spits acid at you. The splash of acid hits you!
* * * LOW HITPOINT WARNING * * *
The acid corrodes you!
You are no longer corroded.
The acid dragon spits acid at you. The splash of acid hits you.
* * * LOW HITPOINT WARNING * * *
The acid dragon spits acid at you. The splash of acid hits you!!
You die...

....)# #....#.#........#.# ######
######.#......#...######## ....##
#....#.#......###.........
.....###.####.#......####...####.
......##.###..###.#####...###..#.
.......#.##...###.......###....#.
.......'......#.......###....#.#.
.......#.##.....#...###...#.#..#.
......##.###.#..@.###....#.#.#.#.
.....###.#####...##.e##...#.#..#.
....####...TD..###.T#.###....#.#.
.#'## #..#...####e###T# ###....#.
##.# ##.e.T###TT..# #T# ###..#.
##.# #...###T.#.### #(e# ####.
##.###.####D#.##.. ###[| #.
#...##..DT#..#..#.# u#:T #.
.....#.###T##.##.## : ## #.


You could see 2 trolls and an acid dragon (catching breath).

Vanquished Creatures
  An unseen horror (D:7)
  A troll (D:7)
  Sigmund (D:6)
  An acid dragon (D:5)
  Duvessa (D:6)
  An ice beast (D:5)
  An orc warrior (D:7)
  A black bear (D:5)
  A sky beast (D:7)
  An ogre (D:5)
  A centaur (D:5)
  2 phantoms (D:6)
  2 kobold brigands
  4 scorpions
  Dowan (D:6)
  A howler monkey (D:4)
  A jelly (D:6)
  2 orc priests
  3 hounds
  2 iguanas
  6 orc wizards
  13 adders
  9 gnolls
  A dart slug (D:4)
  3 worms
  15 orcs
  2 ball pythons (D:3)
  5 endoplasms
  3 giant cockroaches
  5 goblins
  8 hobgoblins
  4 quokkas
  3 bats
  4 frilled lizards
  13 kobolds
  3 rats
126 creatures vanquished.

Vanquished Creatures (others)
  3 fungi (D:7)
3 creatures vanquished.

Grand Total: 129 creatures vanquished

Notes
Turn   | Place    | Note
-------+----------+-------------------------------------------
     0 | D:1      | Dittersdorf the Gargoyle Fighter began the quest for the
                  | Orb.
     0 | D:1      | Reached XP level 1. HP: 14/14 MP: 1/1
   301 | D:1      | Reached XP level 2. HP: 18/19 MP: 2/2
  1047 | D:2      | Reached XP level 3. HP: 23/23 MP: 3/3
  1367 | D:2      | Reached XP level 4. HP: 29/29 MP: 4/4
  2200 | D:3      | Reached XP level 5. HP: 16/33 MP: 5/5
  2665 | D:4      | Reached XP level 6. HP: 39/39 MP: 6/6
  2764 | D:4      | Found a broken altar of Ashenzari.
  2981 | D:4      | Reached skill level 5 in Fighting
  3010 | D:4      | Reached skill level 5 in Shields
  3175 | D:5      | Entered Level 5 of the Dungeon
  3271 | D:5      | Found Ybiplam's Armour Emporium.
  3286 | D:5      | Reached skill level 5 in Armour
  3286 | D:5      | Reached XP level 7. HP: 20/44 MP: 7/7
  3480 | D:5      | Bought a +1 pair of gloves of infusion for 181 gold pieces
  3660 | D:5      | Reached XP level 8. HP: 49/51 MP: 1/8
  4254 | D:5      | Reached skill level 5 in Maces & Flails
  4295 | D:6      | Noticed Sigmund
  4307 | D:6      | Killed Sigmund
  4597 | D:6      | Noticed Duvessa
  4598 | D:6      | Noticed Dowan
  4606 | D:6      | Killed Duvessa
  4617 | D:6      | Killed Dowan
  4927 | D:6      | Reached XP level 9. HP: 55/56 MP: 4/9
  5380 | D:7      | Found a staircase to the Ecumenical Temple.
  5389 | Temple   | Entered the Ecumenical Temple
  5464 | Temple   | Became a worshipper of Warmaster Okawaru
  5945 | D:7      | Identified the +3 flail "Jellybane" {chaos, rN+ Int+5
                  | Stlth+}
  6292 | D:7      | Noticed a troll
  6292 | D:7      | Noticed a troll
  6292 | D:7      | Noticed an unseen horror
  6293 | D:7      | Noticed a white ugly thing
  6293 | D:7      | Noticed a troll
  6296 | D:7      | Noticed a deep elf pyromancer
  6302 | D:7      | Killed a troll
  6307 | D:7      | Killed an unseen horror
  6307 | D:7      | Reached * piety under Okawaru
  6336 | D:7      | Killed from afar by an acid dragon

Illustrated notes

Levels and vault maps discovered:
D:1:      lemuel_arrival_funnel, layout_loops_corners
D:2:      layout_basic
D:3:      layout_loops_corners
D:4:      layout_rooms, mainiacjoe_overflow_brackets
D:5:      layout_loops_ring, serial_shops, shop_statue
D:6:      layout_rooms, uniq_sigmund, uniq_duvessa
D:7:      minmay_the_grid_triangle_9x9_recursive_2
          [minmay_the_grid_triangle_9x9_prize_center,
          minmay_the_grid_triangle_9x9_dagger,
          minmay_the_grid_triangle_9x9_limited_checkers,
          minmay_the_grid_triangle_9x9_corruption], layout_loops_corners,
          temple_fountains, serial_co_window_serial, co_window_corner_a,
          co_window_corner_a, co_window_paths_b, co_window_paths_a,
          co_window_paths_b, co_window_corner_a, co_window_of_opportunity_a,
          co_window_corner_cb, co_window_corner_ca, co_window_unsneaky_path_e,
          glass_columns_a, glass_columns_c, minmay_tree_intersection,
          dreamdust_gnoll_farm
Temple:   compressed_dpeg_circular_temple

Skill      XL: |  1  2  3  4  5  6  7  8  9 |
---------------+----------------------------+-----
Fighting       | 4 5 6 7 |  7.7
Shields        | 4 5 6 7 |  7.7
Armour         | 4 5 6 7 |  7.6
Maces & Flails | 3 4 5 6 |  6.6

Action                   |  1- 3 |  4- 6 |  7- 9 || total
-------------------------+-------+-------+-------++-------
Melee: Flail             |   114 |   184 |   254 ||   552
Throw: Dart              |       |       |    18 ||    18
  Use: Scroll            |       |     6 |     8 ||    14
Armor: Scale mail        |    62 |     4 |       ||    66
       Chain mail        |       |    81 |   170 ||   251
Dodge: Dodged            |    91 |   130 |   230 ||   451
Block: Buckler           |    24 |    56 |    77 ||   157

Table legend: (Time is in decaauts)
 A = Elapsed time spent in this place.
 B = Non-inter-level travel time spent in this place.
 C = Inter-level travel time spent in this place.
 D = Time resting spent in this place.
 E = Time spent auto-exploring this place.
 F = Levels seen in this place.
 G = Mean time per level.
                   A        B        C        D        E       F      G
               +--------+--------+--------+--------+--------+-----+--------+
         Total |   6467 |   6234 |    233 |    741 |   4213 |   8 |  808.4 |
       Dungeon |   6379 |   6146 |    233 |    741 |   4156 |   7 |  911.3 |
        Temple |     87 |     87 |      0 |      0 |     57 |   1 |   87.0 |
               +--------+--------+--------+--------+--------+-----+--------+

Top non-repeatable levels by time:
     D:7: 1187 daAuts
     D:5: 1063 daAuts
     D:1: 927 daAuts
     D:3: 919 daAuts
     D:6: 832 daAuts
     D:2: 784 daAuts
     D:4: 665 daAuts
  Temple: 87 daAuts
